 Dungeon Crawl Stone Soup version 0.18.1-8-gdd0e5ea (webtiles) character file.

601 Gagarin the Skirmisher (level 7, -7/56 HPs)
             Began as a Demonspawn Abyssal Knight on June 4, 2016.
             Was a Priest of Lugonu.
             Mangled by an ogre
             ... wielding a +0 giant spiked club
              (16 damage)
             ... on level 5 of the Dungeon on June 5, 2016.
             The game lasted 00:13:27 (3447 turns).

Gagarin the Skirmisher (Demonspawn Abyssal Knight)  Turns: 3447, Time: 00:13:28

Health: -7/56      AC: 10    Str: 14    XL:     7   Next: 18%
Magic:  9/9        EV: 10    Int: 14    God:    Lugonu [***...]
Gold:   117        SH:  0    Dex: 12    Spells: 0 memorised, 6 levels left

rFire  . . .     SeeInvis .     o - +2 spear (venom)
rCold  + . .     Gourm    .     n - +2 scale mail {rC+}
rNeg   . . .     Faith    .     (no shield)
rPois  .         Spirit   .     t - +0 helmet
rElec  .         Dismiss  .     (no cloak)
rCorr  .         Reflect  .     (no gloves)
SustAt .         Harm     .     (no boots)
MR     .....                    (no amulet)
Stlth  ++........               (no ring)
                                h - ring of stealth

@: not resistant to hostile enchantments, unstealthy
A: hooves 2, nightstalker 1, powered by death 2
a: Depart the Abyss, Bend Space, Banish, Renounce Religion


You were on level 5 of the Dungeon.
You worshipped Lugonu.
Lugonu was most pleased with you.
You were hungry.

You visited 1 branch of the dungeon, and saw 5 of its levels.
You visited the Abyss 1 time.

You collected 210 gold pieces.
You spent 93 gold pieces at shops.

Inventory:

Hand Weapons
 a - a +1 falchion
 k - a +0 scythe
 o - a +2 spear of venom (weapon)
Missiles
 f - 21 poisoned needles
Armour
 b - a +0 leather armour
 n - a +2 scale mail of cold resistance (worn)
 t - a +0 helmet (worn)
Jewellery
 h - a ring of stealth (left hand)
 D - an uncursed ring of positive energy {unknown}
Wands
 C - a wand of digging (15/24)
Scrolls
 d - 3 scrolls of identify
 g - a scroll of magic mapping {unknown}
 m - a scroll of teleportation
 u - a scroll of random uselessness {unknown}
 v - a scroll of remove curse {unknown}
 y - a scroll of torment
 A - a scroll of fear {unknown}
 B - a scroll of fog {unknown}
Potions
 e - 2 potions of resistance
 i - a potion of agility {unknown}
 p - a potion of mutation {unknown}
 q - a potion of might
 r - a potion of curing {unknown}
 x - 3 potions of heal wounds {unknown}
 z - a potion of flight {unknown}
Comestibles
 c - 3 bread rations
 j - a meat ration
 l - a fruit
 s - a chunk of flesh
 w - 3 beef jerkies


   Skills:
 + Level 5.0 Fighting
 + Level 2.9 Long Blades
 + Level 2.0 Polearms
 + Level 3.4 Armour
 + Level 2.8 Dodging
 + Level 1.8 Stealth
 * Level 3.4 Invocations


You had 6 spell levels left.
You didn't know any spells.

Dungeon Overview and Level Annotations

Branches:
Dungeon (5/15)             Temple (0/1) D:5

Altars:
The Shining One

Shops:
D:4 *

Annotations:
D:3 barakagiga's ghost, amateur KoBe


Innate Abilities, Weirdness & Mutations

You have hoof-like feet.
You are slightly more attuned to the shadows.
You regenerate health from kills.


Message History

The ogre hits you with a giant spiked club!
Your scale mail prevents you from hitting the ogre.
You hit the ogre.
The ogre is poisoned.
The ogre is lightly wounded.
The ogre hits you with a giant spiked club!
You hit the ogre. You kick the ogre.
The ogre is heavily wounded.
The ogre misses you.
Found 2 meat rations.
You are feeling hungry.
The ogre hits you with a giant spiked club!!
Ouch! That really hurt!
* * * LOW HITPOINT WARNING * * *
The ogre looks more healthy.
The ogre misses you.
Drink which item? (? for menu, Esc to quit)
Okay, then.
You hit the ogre.
The ogre is poisoned.
You kick the ogre.
The ogre is almost dead.
The ogre hits you with a giant spiked club!
You die...

... #..# #######
#...###.....##
#...#.......##
#............#
##...........##
#............#
#........O...# ##
##.......@...# .#
##.........%## ##
####..##./.....#
#
##.#..####......#
# ##....###
###..###
#.......# ####
##.........#
##...........
#............


You could see an ogre.

Vanquished Creatures
  Sigmund (D:2)
  A phantom (D:4)
  A scorpion (D:4)
  2 orc priests (D:4)
  A centaur skeleton (D:4)
  An orc wizard (D:4)
  Terence (D:3)
  A worker ant (D:4)
  Robin (D:3)
  5 adders
  An adder skeleton (D:4)
  A dart slug (D:1)
  2 giant geckos
  9 orcs
  5 giant cockroaches
  11 goblins
  8 hobgoblins
  5 jackals
  3 kobolds
  A quokka (D:3)
  A ball python (D:1)
  7 bats
  7 giant newts
  3 rats
79 creatures vanquished.

Vanquished Creatures (others)
  2 orcs (D:3)
  A quokka (D:3)
3 creatures vanquished.

Grand Total: 82 creatures vanquished

Notes
Turn   | Place    | Note
--------------------------------------------------------------
     0 | Abyss:1  | Gagarin the Demonspawn Abyssal Knight began the quest for the Orb.
     0 | Abyss:1  | Reached XP level 1. HP: 18/18 MP: 2/2
    90 | Abyss:1  | Found a corrupted altar of Lugonu.
   110 | Abyss:1  | Noticed a thrashing horror
   113 | D:1      | Escaped the Abyss
   143 | D:1      | Reached skill level 1 in Dodging
   611 | D:1      | Gained mutation: You regenerate a little health from kills. [demonic ancestry]
   611 | D:1      | Reached XP level 2. HP: 24/24 MP: 3/3
   613 | D:1      | Reached * piety under Lugonu
  1348 | D:2      | Gained mutation: You regenerate health from kills. [demonic ancestry]
  1348 | D:2      | Reached XP level 3. HP: 29/29 MP: 4/4
  1623 | D:2      | Noticed Sigmund
  1630 | D:2      | Killed Sigmund
  1630 | D:2      | Reached skill level 4 in Fighting
  1630 | D:2      | Gained mutation: You are slightly more attuned to the shadows. [demonic ancestry]
  1630 | D:2      | Reached XP level 4. HP: 28/37 MP: 4/6
  1630 | D:2      | Gained mutation: You have large cloven feet. [demonic ancestry]
  1630 | D:2      | Reached XP level 5. HP: 32/42 MP: 4/7
  2034 | D:3      | Noticed Robin
  2055 | D:3      | Reached ** piety under Lugonu
  2061 | D:3      | Killed Robin
  2246 | D:3      | Noticed Terence
  2259 | D:3      | Killed Terence
  2259 | D:3      | Gained mutation: You have hoof-like feet. [demonic ancestry]
  2259 | D:3      | Reached XP level 6. HP: 44/49 MP: 8/8
  2382 | D:3      | Noticed barakagiga's ghost (amateur KoBe)
  2461 | D:4      | Reached skill level 1 in Polearms
  2461 | D:4      | Reached skill level 1 in Stealth
  2799 | D:4      | Found Velel's Assorted Antiques.
  2806 | D:4      | Bought a scroll labeled MEOTIO BODYDDO for 19 gold pieces
  2806 | D:4      | Bought a fizzy black potion for 17 gold pieces
  2806 | D:4      | Bought a scroll labeled FYSEZI OTOIST for 19 gold pieces
  2806 | D:4      | Bought a scroll labeled MEOTIO BODYDDO for 19 gold pieces
  2806 | D:4      | Bought a scroll labeled USUIME IW BATZ for 19 gold pieces
  2984 | D:4      | Reached XP level 7. HP: 55/55 MP: 9/9
  3165 | D:4      | Reached *** piety under Lugonu
  3234 | D:4      | Reached skill level 5 in Fighting
  3260 | D:5      | Entered Level 5 of the Dungeon
  3302 | D:5      | Found a staircase to the Ecumenical Temple.
  3331 | D:5      | Found a glowing golden altar of the Shining One.
  3447 | D:5      | Mangled by an ogre

Skill      XL: |  1  2  3  4  5  6  7 |
---------------+----------------------+-----
Dodging        | 1 2 |  2.8
Armour         | 2 3 |  3.4
Long Blades    | 2 |  2.9
Fighting       | 4 5 |  5.0
Invocations    | 3 |  3.4
Polearms       | 1 2 |  2.0
Stealth        | 1 |  1.8

Action                   |  1- 3 |  4- 6 |  7- 9 || total
-------------------------+-------+-------+-------++-------
Melee: Falchion          |    47 |       |       ||    47
       Spear             |    26 |   163 |    31 ||   220
       Kick              |       |    39 |     7 ||    46
Invok: Depart the Abyss  |     1 |       |       ||     1
  Use: Scroll            |       |     6 |       ||     6
       Potion            |       |     1 |       ||     1
 Stab: Sleeping          |     1 |     2 |     1 ||     4
  Eat: Chunk             |     2 |     5 |     1 ||     8
Armor: Leather armour    |    20 |       |       ||    20
       Scale mail        |     2 |    47 |     6 ||    55
Dodge: Dodged            |    42 |    50 |    16 ||   108
